 Dungeon Crawl Stone Soup version 0.24-a0-725-gf1a930fc54 (webtiles) character file.

Game seed: 14532504946336298269, levelgen mode: deterministic

44493 Engwar the Basher (level 13, -6/103 HPs)
             Began as a Demonspawn Berserker on Sept 30, 2019.
             Was a High Priest of Trog.
             Mangled by a four-headed hydra (12 damage)
             ... on level 6 of the Lair of Beasts on Oct 1, 2019.
             The game lasted 01:01:44 (14679 turns).

Engwar the Basher (Demonspawn Berserker)           Turns: 14679, Time: 01:01:45

Health: -6/103     AC:  1    Str: 26    XL:     13   Next: 96%
Magic:  16/16      EV: 13    Int: 17    God:    Trog [*****.]
Gold:   1114       SH:  0    Dex:  9    Spells: 12/12 levels left

rFire    + + +     SeeInvis .   b - +9 hunting sling of Jepeck {speed, rPois rF+ Int+7 Dex-5}
rCold    x . .     Gourm    .   F - +0 buckler
rNeg     . . .     Faith    .   P - +2 scale mail {rF+}
rPois    +         Spirit   .   R - +0 helmet
rElec    .         Reflect  .   t - +0 cloak
rCorr    .         Harm     .   (no gloves)
MR       .....                  n - +0 pair of boots of Impermeability {rPois Regen+ Str+6 Dex-4}
Stlth    ..........             l - amulet of regeneration
HPRegen  1.07/turn              N - ring of fire
MPRegen  0.15/turn              E - +4 ring of dexterity

@: confused, about to teleport, barbed spikes, corroded
A: talons 2, fire resistance 1, rot immunity, sturdy frame 3
a: Berserk, Trog's Hand, Brothers in Arms, Renounce Religion


You were on level 6 of the Lair of Beasts.
You worshipped Trog.
Trog was extremely pleased with you.
You were not hungry.

You visited 2 branches of the dungeon, and saw 16 of its levels.
You also visited: Volcano.

You collected 1114 gold pieces.

Inventory:

Hand Weapons
 a - a +5 flail of freezing
 b - the +9 hunting sling of Jepeck (weapon) {speed, rPois rF+ Int+7 Dex-5}
   (You found it on level 2 of the Lair of Beasts)

   Attacks with this weapon are significantly faster.
   It affects your intelligence (+7).
   It affects your dexterity (-5).
   It protects you from fire.
   It protects you from poison.
 f - the +5 flail of Trauma {speed, rElec Str+2}
   (You found it on level 4 of the Lair of Beasts)

   Attacks with this weapon are significantly faster.
   It affects your strength (+2).
   It insulates you from electricity.
 y - a +2 whip of electrocution
Missiles
 e - 20 stones (quivered)
Armour
 n - the +0 pair of boots of Impermeability (worn) {rPois Regen+ Str+6 Dex-4}
   (You acquired it on level 3 of the Lair of Beasts)

   It affects your strength (+6).
   It affects your dexterity (-4).
   It protects you from poison.
   It increases your rate of regeneration.
 t - a +0 cloak (worn)
 F - a +0 buckler (worn)
 P - a +2 scale mail of fire resistance (worn)
 R - a +0 helmet (worn)
Jewellery
 h - an uncursed amulet of the gourmand
 l - an amulet of regeneration (around neck)
 v - an uncursed ring of flight
 x - an uncursed ring of protection from cold
 B - an uncursed ring of see invisible
 E - a +4 ring of dexterity (right hand)
 K - an uncursed amulet of guardian spirit
 N - a ring of fire (left hand)
Wands
 w - a wand of iceblast (13)
 A - a wand of scattershot (2)
 D - a wand of disintegration (7)
 H - a wand of enslavement (18)
 M - a wand of paralysis (9)
 Q - a wand of flame (20)
Scrolls
 d - 2 scrolls of immolation
 g - a scroll of brand weapon
 k - 3 scrolls of amnesia
 m - 9 scrolls of remove curse
 p - 3 scrolls of fog
 G - a scroll of teleportation
 J - 2 scrolls of fear
Potions
 i - 3 potions of curing
 j - 5 potions of brilliance
 o - 4 potions of flight
 q - 2 potions of agility
 r - 2 potions of invisibility
 s - 2 potions of cancellation
 u - 2 potions of ambrosia
 z - 5 potions of mutation
 C - 3 potions of berserk rage {unknown}
 L - a potion of magic
 O - a potion of might
Comestibles
 c - 26 rations
 I - 8 chunks of flesh


   Skills:
 - Level 10.1 Fighting
 - Level 14.0 Maces & Flails
 - Level 12.0 Slings
 + Level 5.8 Armour
 - Level 5.0 Dodging
 - Level 4.0 Shields
 - Level 4.0 Evocations


You had 12 spell levels left.
You didn't know any spells.
Your spell library contained the following spells:

 Spells                   Type           Power        Failure   Level  Hunger
 Apportation              Tloc           #.....       26%         1    ##.....
 Beastly Appendage        Tmut           #.....       26%         1    ##.....
 Confusing Touch          Hex            #.....       26%         1    ##.....
 Corona                   Hex            #......      26%         1    ##.....
 Infusion                 Chrm           #...         26%         1    ##.....
 Summon Butterflies       Summ           #.......     26%         1    ##.....
 Shroud of Golubria       Chrm/Tloc      #.....       36%         2    ###....
 Slow                     Hex            #.......     36%         2    ###....
 Song of Slaying          Chrm           #.......     36%         2    ###....
 Sticks to Snakes         Tmut           #.......     36%         2    ###....
 Confuse                  Hex            #.......     61%         3    ####...
 Gell's Gravitas          Tloc           #.........   61%         3    ####...
 Inner Flame              Hex/Fire       #.......     61%         3    ####...
 Lesser Beckoning         Tloc           #.........   61%         3    ####...
 Portal Projectile        Hex/Tloc       #.....       61%         3    ####...
 Regeneration             Chrm/Necr      #.........   61%         3    ####...
 Spectral Weapon          Hex/Chrm       #.......     61%         3    ####...
 Spider Form              Tmut/Pois      #.........   61%         3    ####...
 Tukima's Dance           Hex            #.......     61%         3    ####...
 Cause Fear               Hex            #.........   95%         4    #####..
 Ice Form                 Ice/Tmut       #.......     95%         4    #####..
 Leda's Liquefaction      Hex/Erth       #.........   95%         4    #####..
 Petrify                  Tmut/Erth      #.......     95%         4    #####..
 Alistair's Intoxication  Tmut/Pois      #.......     100%        5    ######.
 Blade Hands              Tmut           #.........   100%        5    ######.
 Metabolic Englaciation   Hex/Ice        #.........   100%        5    ######.
 Yara's Violent Unravell  Hex/Tmut       #.........   100%        5    ######.
 Invisibility             Hex            #.......     100%        6    #######


Dungeon Overview and Level Annotations

Branches:
Dungeon (10/15)            Temple (0/1) D:6            Lair (6/6) D:9
 Shoals (0/4) Lair:4        Snake (0/4) Lair:3      Volcano (visited)
  Slime: Lair:5-6       Orc: D:9-12

Altars:
Ru
Sif Muna
Trog
Yredelemnul

Shops:
D:4 (   D:5 :

Annotations:
D:6 1 runed translucent door
D:10 exclusion: door
Lair:2 exclusion: 4 oklob plants
Lair:5 exclusion: 2 oklob plants


Innate Abilities, Weirdness & Mutations

You have razor-sharp toenails.
Your flesh is heat resistant. (rF+)
You are immune to rotting.
Your movements are significantly less encumbered by armour. (ER -6)


Message History

You turn to flesh and can move again.
As you read the scroll of teleportation, it crumbles to dust.
You feel strangely unstable. The four-headed hydra bites you. x2
The four-headed hydra bites you!
* * * LOW HITPOINT WARNING * * *
The four-headed hydra bites you!
* * * LOW HITPOINT WARNING * * *
The acid dragon bites you!
* * * LOW HITPOINT WARNING * * *
The acid dragon closely misses you.
An iguana comes into view.
The basilisk bites you!
* * * LOW HITPOINT WARNING * * *
Unknown command.
Unknown command.
Okay, then.
Unknown command.
You are confused.
You feel invigorated. The four-headed hydra bites you!
You die...

......... .......## . .
#.......#.. ...
#####..F.......
...##..#...........
.?.............(......
.............lDl...(..
...........[....@D...(.(
.......................(
............H......#Pā‰ˆā‰ˆ.
...................# ā™£.ā‰ˆ
.............P.###.# l
............P### ##
..P.....#..^..#
#........###### #.#.....##


You could see a four-headed hydra, a manticore, a komodo dragon, a spiny frog, a
basilisk, an acid dragon and an iguana.

Vanquished Creatures
  The ghost of Gall2222 the Slinger, a journeyman HaFE of Ashenzari (Lair:5)
  Snorg (Lair:3)
  3 hydras
  A dancing weapon (Volcano)
  5 wizards (Volcano)
  An ugly thing (D:9)
  The ghost of Burgietje the Skirmisher, a novice GrFi of Okawaru (D:6)
  24 elephants
  A centaur zombie (D:10)
  Maurice (D:8)
  4 black mambas
  5 toenail golems (Volcano)
  8 spiny frogs
  A rime drake (Lair:2)
  5 komodo dragons
  A hornet (D:10)
  A polar bear (Lair:5)
  A troll (D:9)
  7 blink frogs
  A snapping turtle (Lair:4)
  7 dream sheep
  8 hippogriffs
  Eustachio (D:5)
  A wyvern (D:8)
  50 yaks
  2 basilisks
  Edmund (D:6)
  13 water moccasins
  The ghost of Howlingfantods the Chiller, an amateur GrIE (D:3)
  2 hell hounds (Lair:5)
  10 porcupines
  A soldier ant (D:10)
  An orc warrior (D:9)
  4 sky beasts
  A black bear (Lair:4)
  2 ice beasts
  A phantom (D:4)
  10 wolves
  2 ogres
  4 centaurs
  7 crocodiles
  17 bullfrogs
  A gnoll sergeant (D:5)
  A wyvern zombie (D:10)
  4 scorpions
  4 killer bees (D:10)
  7 wights
  An electric eel (Lair:1)
  5 howler monkeys (D:10)
  7 crimson imps
  A bullfrog zombie (D:9)
  Crazy Yiuf (D:3)
  2 quasits
  10 orc wizards
  4 jellies
  5 orc priests
  Jessica (D:2)
  3 iguanas
  5 worker ants
  2 howler monkey zombies
  5 gnolls (D:5)
  11 adders
  A river rat (D:6)
  A shadow imp (D:10)
  5 oozes (D:9)
  An adder zombie (D:6)
  2 worms (D:2)
  2 dart slugs (D:2)
  6 leopard geckos
  28 orcs
  A ball python (D:4)
  10 giant cockroaches
  10 goblins
  5 hobgoblins (D:2)
  10 jackals
  4 quokkas
  7 bats
  A frilled lizard (D:2)
  7 kobolds
  A quokka skeleton (D:4)
  2 quokka zombies
  5 rats
  A fungus (Lair:6)
  A plant (Lair:4)
410 creatures vanquished.

Vanquished Creatures (others)
  An orc wizard (D:10)
  3 bushes (Lair:1)
  5 fungi
  A plant (Lair:2)
10 creatures vanquished.

Grand Total: 420 creatures vanquished

Notes
Turn   | Place    | Note
-------+----------+-------------------------------------------
     0 | D:1      | Engwar the Demonspawn Berserker began the quest for the
                  | Orb.
     0 | D:1      | Reached XP level 1. HP: 18/18 MP: 1/1
   113 | D:1      | Reached skill level 3 in Maces & Flails
   118 | D:1      | Gained mutation: You have sharp toenails. [demonic
                  | ancestry]
   118 | D:1      | Reached XP level 2. HP: 13/24 MP: 2/2
  1174 | D:2      | Gained mutation: You have razor-sharp toenails. [demonic
                  | ancestry]
  1174 | D:2      | Reached XP level 3. HP: 26/29 MP: 3/3
  1176 | D:2      | Reached skill level 4 in Maces & Flails
  1769 | D:2      | Noticed Jessica
  1776 | D:2      | Killed Jessica
  1776 | D:2      | Reached XP level 4. HP: 24/35 MP: 4/4
  1800 | D:2      | Found a bloodstained altar of Trog.
  1838 | D:2      | Reached ** piety under Trog
  2352 | D:3      | Reached skill level 5 in Maces & Flails
  2519 | D:3      | Found a runed translucent door.
  2519 | D:3      | Noticed a bullfrog
  2546 | D:3      | Reached XP level 5. HP: 41/41 MP: 5/5
  2610 | D:3      | Noticed Howlingfantods's ghost (amateur GrIE)
  2684 | D:3      | Killed Howlingfantods's ghost
  2684 | D:3      | Reached skill level 6 in Maces & Flails
  2684 | D:3      | Reached XP level 6. HP: 41/47 MP: 6/6
  2860 | D:3      | Found a runed translucent door.
  2861 | D:3      | Noticed Crazy Yiuf
  2938 | D:3      | Killed Crazy Yiuf
  2979 | D:4      | Found Tadadyre's Antique Weapon Shop.
  3104 | D:4      | Reached skill level 7 in Maces & Flails
  3197 | D:4      | Gained mutation: Your movements are slightly less
                  | encumbered by armour. (ER -2) [demonic ancestry]
  3197 | D:4      | Reached XP level 7. HP: 52/52 MP: 7/7
  3251 | D:4      | Found a sacrificial altar of Ru.
  3585 | D:4      | Reached *** piety under Trog
  3585 | D:4      | Reached skill level 8 in Maces & Flails
  3911 | D:5      | Entered Level 5 of the Dungeon
  3987 | D:5      | Found Kituxkog's Book Boutique.
  4020 | D:5      | Noticed Eustachio
  4030 | D:5      | Killed Eustachio
  4030 | D:5      | Reached skill level 1 in Evocations
  4259 | D:5      | Reached XP level 8. HP: 54/58 MP: 8/10
  4562 | D:6      | Found a runed translucent door.
  4567 | D:6      | Noticed Burgietje's ghost (novice GrFi)
  4767 | D:6      | Reached skill level 9 in Maces & Flails
  4883 | D:6      | Killed Burgietje's ghost
  4947 | D:6      | Found a runed translucent door.
  4976 | D:6      | Reached **** piety under Trog
  4984 | D:6      | Reached skill level 5 in Fighting
  4986 | D:6      | Gained mutation: Your movements are less encumbered by
                  | armour. (ER -4) [demonic ancestry]
  4986 | D:6      | Reached XP level 9. HP: 38/68 MP: 12/12
  5161 | D:6      | Found a staircase to the Ecumenical Temple.
  5161 | D:6      | Noticed Edmund
  5202 | D:6      | Killed Edmund
  5202 | D:6      | Reached skill level 10 in Maces & Flails
  5897 | D:7      | Reached skill level 11 in Maces & Flails
  5972 | D:8      | Noticed Maurice
  5992 | D:8      | Killed Maurice
  6769 | D:8      | Reached skill level 1 in Shields
  6985 | D:9      | Gained mutation: You are immune to rotting. [demonic
                  | ancestry]
  6985 | D:9      | Reached XP level 10. HP: 69/74 MP: 13/13
  6986 | D:9      | Reached ***** piety under Trog
  7109 | D:9      | Noticed a cyan ugly thing
  7119 | D:9      | Killed a cyan ugly thing
  7119 | D:9      | Reached skill level 12 in Maces & Flails
  7316 | D:9      | Found a basalt altar of Yredelemnul.
  7326 | D:9      | Found a staircase to the Lair.
  7607 | D:10     | Entered Level 10 of the Dungeon
  7920 | D:10     | Received a gift from Trog
  8167 | D:10     | Found a shimmering blue altar of Sif Muna.
  8250 | D:10     | Reached skill level 5 in Armour
  8250 | D:10     | Reached skill level 5 in Dodging
  8380 | Lair:1   | Entered Level 1 of the Lair of Beasts
  8403 | D:9      | Gained mutation: Your movements are significantly less
                  | encumbered by armour. (ER -6) [demonic ancestry]
  8403 | D:9      | Reached XP level 11. HP: 71/79 MP: 14/14
  8609 | Lair:1   | Reached skill level 13 in Maces & Flails
  9337 | Lair:2   | Noticed an eight-headed hydra
  9351 | Lair:2   | Killed an eight-headed hydra
  9351 | Lair:2   | Reached skill level 14 in Maces & Flails
  9460 | Lair:2   | Noticed a four-headed hydra
  9477 | Lair:2   | Killed a four-headed hydra
  9478 | Lair:2   | Reached XP level 12. HP: 60/92 MP: 15/15
  9531 | Lair:2   | Received a gift from Trog
 10036 | Lair:2   | Reached skill level 10 in Fighting
 10129 | Lair:2   | Got a pitted hunting sling
 10444 | Lair:2   | Identified the +9 hunting sling of Jepeck {speed, rPois rF+
                  | Int+7 Dex-5} (You found it on level 2 of the Lair of
                  | Beasts)
 10720 | Lair:3   | Noticed Snorg
 10732 | Lair:3   | Killed Snorg
 10860 | Lair:3   | Identified a scroll of acquirement
 10861 | Lair:3   | Got a pair of scorched boots
 10867 | Lair:3   | Identified the +0 pair of boots of Impermeability {rPois
                  | Regen+ Str+6 Dex-4} (You acquired it on level 3 of the Lair
                  | of Beasts)
 11101 | Lair:3   | Reached skill level 5 in Slings
 11132 | Lair:3   | Found a staircase to the Snake Pit.
 11716 | Lair:4   | Gained mutation: Your flesh is heat resistant. (rF+)
                  | [demonic ancestry]
 11716 | Lair:4   | Reached XP level 13. HP: 95/103 MP: 16/16
 11729 | Lair:3   | HP: 5/154 [yak (8)]
 11928 | Lair:4   | Upgraded the game from 0.24-a0-715-g0b739ee41d to
                  | 0.24-a0-725-gf1a930fc54
 11975 | Lair:4   | Received a gift from Trog
 12149 | Lair:4   | Found a staircase to the Shoals.
 12212 | Lair:4   | Got a shimmering flail
 12267 | Lair:4   | Identified the +5 flail of Trauma {speed, rElec Str+2} (You
                  | found it on level 4 of the Lair of Beasts)
 13030 | Lair:5   | Found a dark tunnel.
 13043 | Volcano  | Entered a volcano
 13098 | Volcano  | Reached skill level 10 in Slings
 13174 | Volcano  | Paralysed by a wizard for 5 turns
 13906 | Lair:5   | Found a runed translucent door.
 13912 | Lair:5   | Noticed Gall2222's ghost (journeyman HaFE)
 13941 | Lair:5   | Killed Gall2222's ghost
 14323 | Lair:6   | Entered Level 6 of the Lair of Beasts
 14678 | Lair:6   | HP: 2/103 [basilisk (10)]
 14679 | Lair:6   | Mangled by a four-headed hydra

Levels and vault maps discovered:
D:1:      sevenhm_arrival_forest_fort_large_2, layout_basic, serial_forest,
          infiniplex_forest_corner_1, infiniplex_forest_lined_ring,
          infiniplex_forest_lined_corner, infiniplex_forest_clump_C
D:2:      layout_loops_ring, bloody_trog, minmay_misc_feat_five,
          kennysheep_crisscross, uniq_jessica
D:3:      layout_rooms, ebering_ghost_sewer_d, uniq_crazy_yiuf_cottage
D:4:      layout_basic, serial_shops, nicolae_shop_overgrown_old_shop,
          first_ration, nicolae_ru_great_annihilating_truth
D:5:      layout_loops_ring, serial_shops, shop, serial_glass, glass_columns_c,
          glass_columns_b, glass_columns_c, glass_columns_b, glass_columns_a,
          glass_columns_c, uniq_eustachio
D:6:      layout_rooms, minmay_temple_entry_statues_fountains,
          ebering_ghost_sewer_f, uniq_edmund
D:7:      layout_cave_pools
D:8:      layout_basic, uniq_maurice
D:9:      layout_roguey, dpeg_oklobed_lair, basic_altar,
          hangedman_little_slice_of_home
D:10:     layout_irregular_city, led_sif_book
Lair:1:   layout_chaotic_city, minmay_hedge_maze, serial_bayou_lake_a,
          grunt_megastairs_3
Lair:2:   layout_small_grid, infiniplex_staircase_pool,
          minmay_lair_oklob_chamber
Lair:3:   layout_hall_layers, dummy_snake_entry, infiniplex_staircase_pool_2,
          lemuel_fruit_fields, uniq_snorg
Lair:4:   layout_regular_city, minmay_shoals_entry_hut, serial_bayou_pond_d,
          st_stairs_10
Lair:5:   layout_long_grid, minmay_slime_entry_oklob_open,
          ebering_ghost_reflecting_pool, enter_volcano_3
Lair:6:   wormcave, layout_hall_layers, guppyfry_lair_end_dragon

Skill      XL: |  1  2  3  4  5  6  7  8  9 10 11 12 13 |
---------------+----------------------------------------+-----
Maces & Flails | 3 4 5 6 7 8 9 11 12 14 | 14.0
Evocations     | 2 4 |  4.0
Fighting       | 5 7 10 | 10.1
Shields        | 2 4 |  4.0
Armour         | 5 |  5.8
Dodging        | 5 |  5.0
Slings         | 7 12 | 12.0

Action                   |  1- 3 |  4- 6 |  7- 9 | 10-12 | 13-15 || total
-------------------------+-------+-------+-------+-------+-------++-------
Melee: Mace              |    87 |   108 |   249 |       |       ||   444
       Kick              |    10 |    33 |    96 |   190 |       ||   329
       Dire flail        |       |       |   104 |       |       ||   104
       Whip              |       |       |    53 |    84 |       ||   137
       Flail             |       |       |       |   483 |   400 ||   883
 Fire: Hunting sling     |       |       |       |   100 |    75 ||   175
Throw: Dart              |     1 |     1 |       |       |       ||     2
Invok: Berserk           |     2 |     5 |     9 |     9 |     4 ||    29
       Trog's Hand       |       |     1 |     1 |     1 |       ||     3
Evoke: Wand              |       |       |       |     1 |       ||     1
  Use: Scroll            |     2 |     7 |     7 |    15 |     3 ||    34
       Potion            |     2 |       |     1 |     2 |     2 ||     7
 Stab: Sleeping          |     1 |       |       |       |       ||     1
       Paralysed         |       |       |     2 |       |       ||     2
  Eat: Chunk             |     5 |     6 |    18 |    16 |     7 ||    52
       Ration            |       |     1 |     1 |     2 |     2 ||     6
Armor: Animal skin       |     6 |       |       |       |       ||     6
       Chain mail        |    40 |    52 |   228 |   153 |    66 ||   539
       Skin              |    31 |       |       |       |       ||    31
       Scale mail        |       |       |       |       |    80 ||    80
Dodge: Dodged            |    43 |    46 |   172 |   190 |   213 ||   664
Block: Buckler           |       |       |     5 |   101 |    72 ||   178

Table legend:
 A = Non-vault XP
 B = Vault XP
 C = Vault XP percentage of total XP
 D = Non-vault monster count
 E = Vault monster count
 F = Vault count percentage of total count
                 A         B        C        D         E       F
            +---------+---------+-------+---------+---------+-------
      Total |   50883 |   12679 |  19.9 |     360 |      48 |  11.8
            +---------+---------+-------+---------+---------+-------
        D:1 |      28 |       0 |   0.0 |      17 |       0 |   0.0
        D:2 |      87 |      37 |  29.8 |      25 |       1 |   3.8
        D:3 |      74 |     316 |  81.0 |      12 |       5 |  29.4
        D:4 |     408 |      49 |  10.7 |      16 |       4 |  20.0
        D:5 |     552 |     208 |  27.4 |      19 |       1 |   5.0
        D:6 |     678 |     897 |  57.0 |      17 |       7 |  29.2
        D:7 |     738 |       0 |   0.0 |      18 |       0 |   0.0
        D:8 |     608 |     480 |  44.1 |      11 |       1 |   8.3
        D:9 |    3714 |     170 |   4.4 |      40 |       8 |  16.7
       D:10 |    2441 |       0 |   0.0 |      27 |       0 |   0.0
     Lair:1 |    5496 |     333 |   5.7 |      31 |       1 |   3.1
     Lair:2 |   10210 |     188 |   1.8 |      30 |       2 |   6.2
     Lair:3 |    7652 |    1084 |  12.4 |      34 |       1 |   2.9
     Lair:4 |    7116 |     365 |   4.9 |      24 |       2 |   7.7
     Lair:5 |    7330 |    1559 |  17.5 |      29 |       3 |   9.4
     Lair:6 |    3751 |     189 |   4.8 |      10 |       1 |   9.1
    Volcano |       0 |    6804 | 100.0 |       0 |      11 | 100.0
            +---------+---------+-------+---------+---------+-------
